 Dungeon Crawl Stone Soup version 0.24-a0-416-g56ce517 (webtiles) character file.

Game seed: 9835633127556888177

403 scarywalker64 the Covered (level 6, -8/52 HPs)
             Began as a Demigod Fighter on June 9, 2019.
             Mangled by a mummy (13 damage)
             ... in an ossuary.
             The game lasted 00:04:23 (1230 turns).

scarywalker64 the Covered (Demigod Fighter)         Turns: 1230, Time: 00:04:24

Health: -8/52      AC: 11    Str: 23    XL:     6   Next: 29%
Magic:  8/8        EV:  4    Int: 12    God:
Gold:   28         SH: 10    Dex: 15    Spells: 5/5 levels left

rFire    . . .     SeeInvis .   a - +0 war axe
rCold    . . .     Gourm    .   c - +0 shield
rNeg     . . .     Faith    .   i - +0 plate armour
rPois    .         Spirit   .   (no helmet)
rElec    .         Reflect  .   (no cloak)
rCorr    +         Harm     .   (no gloves)
MR       .....                  (no boots)
Stlth    ..........             e - amulet of rage
HPRegen  0.17/turn              k - ring of stealth
MPRegen  0.11/turn              n - ring of resist corrosion

@: no status effects
A: high mp 1
a: Evoke Berserk Rage


You were in an ossuary.
You were very hungry.

You visited 1 branch of the dungeon, and saw 3 of its levels.
You also visited: Ossuary.

You collected 28 gold pieces.

Inventory:

Hand Weapons
 a - a +0 war axe (weapon)
Missiles
 d - 15 arrows
 h - 77 stones
 m - 10 javelins (quivered)
Armour
 c - a +0 shield (worn)
 i - a +0 plate armour (worn)
Jewellery
 b - a cursed ring of attention {unknown}
 e - an amulet of rage (around neck)
 k - a ring of stealth (left hand)
 n - a ring of resist corrosion (right hand)
Scrolls
 g - 2 scrolls of identify {unknown}
 j - a scroll of fear
 l - a scroll of immolation {unknown}
Comestibles
 f - 2 rations


   Skills:
 + Level 3.7 Fighting
 + Level 3.6 Axes
 + Level 4.1 Armour
 + Level 0.2 Dodging
 + Level 0.2 Stealth
 + Level 4.1 Shields


You had 5 spell levels left.
You didn't know any spells.
Your spell library was empty.

Dungeon Overview and Level Annotations

Branches:
Dungeon (4/15)
 Temple: D:4-7


Innate Abilities, Weirdness & Mutations

You have an increased reservoir of magic. (+10% MP)


Message History

The mummy barely misses you.
You hit the mummy.
The mummy is severely damaged.
You slash the mummy!
You destroy the mummy!
Your plate armour prevents you from hitting the human zombie.
The human zombie hits you but does no damage.
You slash the human zombie!
The human zombie is moderately damaged.
The human zombie hits you but does no damage.
You barely miss the mummy. You block the mummy's attack.
You slash the mummy!
The mummy is moderately damaged.
Your shield and plate armour prevent you from hitting the mummy.
The mummy is moderately damaged.
You hit the mummy. The mummy hits you but does no damage.
You hit the mummy.
The mummy is lightly damaged.
You hit the mummy. You slash the mummy! The mummy hits you!
You die...

#..#..............
#.................
#.....##..........
#.....##..........
#.................
#.................
####.........#####
#MM#.......... ...
#@MZ...........∩..
##################


You could see 3 mummies and a human zombie.

Vanquished Creatures
  Sigmund (D:4)
  A big kobold (D:4)
  A water moccasin skeleton (D:4)
  A human zombie (Ossuary)
  A worker ant (D:4)
  A big kobold zombie (Ossuary)
  A hound zombie (Ossuary)
  A mummy (Ossuary)
  A dart slug (D:1)
  2 giant cockroaches
  A gnoll zombie (Ossuary)
  2 goblins
  3 hobgoblins (D:1)
  4 jackals
  A frilled lizard (D:1)
  A goblin zombie (Ossuary)
  A hobgoblin zombie (Ossuary)
  4 kobolds
  A kobold zombie (Ossuary)
  An orc zombie (Ossuary)
  A rat zombie (Ossuary)
31 creatures vanquished.

Notes
Turn   | Place    | Note
-------+----------+-------------------------------------------
     0 | D:1      | scarywalker64 the Demigod Fighter began the quest for the
                  | Orb.
     0 | D:1      | Reached XP level 1. HP: 18/18 MP: 3/3
   210 | D:1      | Reached XP level 2. HP: 25/25 MP: 4/4
   765 | D:2      | You fall into a shaft and drop 2 floors!
   765 | D:4      | Noticed a big kobold
   774 | D:4      | Killed a big kobold
   774 | D:4      | Reached XP level 3. HP: 31/31 MP: 5/5
   774 | D:4      | Reached XP level 4. HP: 38/38 MP: 6/6
   976 | D:4      | Reached XP level 5. HP: 16/45 MP: 7/7
   980 | D:4      | Noticed Sigmund
  1016 | D:4      | Killed Sigmund
  1016 | D:4      | Reached XP level 6. HP: 5/52 MP: 8/8
  1072 | D:4      | Found a sand-covered staircase.
  1076 | Ossuary  | Entered an ossuary
  1218 | Ossuary  | HP: 2/52 [mummy (11)]
  1230 | Ossuary  | Mangled by a mummy

Levels and vault maps discovered:
D:1:      eino_arrival_water_cross, layout_basic
D:2:      layout_loops_cross, grunt_qazlal_sundering, first_ration, uniq_jessica
D:4:      layout_rooms, enter_ossuary_5, uniq_sigmund
Ossuary:  ossuary_minmay_tomb_2a

Skill      XL: |  1  2  3  4  5  6 |
---------------+-------------------+-----
Shields        | 3 4 |  4.1
Armour         | 3 4 |  4.1
Fighting       | 3 |  3.7
Axes           | 2 3 |  3.6
Dodging        | |  0.2
Stealth        | |  0.2

Action                   |  1- 3 |  4- 6 || total
-------------------------+-------+-------++-------
Melee: War axe           |    73 |    79 ||   152
  Use: Scroll            |     5 |     1 ||     6
       Potion            |       |     1 ||     1
Armor: Plate armour      |    31 |    67 ||    98
       Scale mail        |     3 |       ||     3
Dodge: Dodged            |    14 |     8 ||    22
Block: Shield            |    46 |    38 ||    84

Table legend:
 A = Non-vault XP
 B = Vault XP
 C = Vault XP percentage of total XP
 D = Non-vault monster count
 E = Vault monster count
 F = Vault count percentage of total count
                 A         B        C        D         E       F
            +---------+---------+-------+---------+---------+-------
      Total |     235 |     341 |  59.2 |      20 |      11 |  35.5
            +---------+---------+-------+---------+---------+-------
        D:1 |      23 |       0 |   0.0 |      12 |       0 |   0.0
        D:2 |      10 |       0 |   0.0 |       5 |       0 |   0.0
        D:4 |     202 |     227 |  52.9 |       3 |       1 |  25.0
    Ossuary |       0 |     114 | 100.0 |       0 |      10 | 100.0
            +---------+---------+-------+---------+---------+-------
